 Dungeon Crawl Stone Soup version 0.28-a0-823-gb444dcf96d (webtiles) character file.

Game seed: 4698337497755589230

1008 meatgazer the Agent of Entropy (level 8, -2/63 HPs)
             Began as a Demonspawn Abyssal Knight on Nov 9, 2021.
             Was a Priest of Lugonu.
             Slain by a wyvern zombie (9 damage)
             ... in an ossuary.
             The game lasted 00:08:22 (4854 turns).

meatgazer the Agent of Entropy (DsAK)               Turns: 4854, Time: 00:08:23

Health: -2/63      AC:  9    Str: 17    XL:     8   Next: 1%
Magic:  21/21      EV: 10    Int: 18    God:    Lugonu [***...]
Gold:   348        SH:  0    Dex: 14    Spells: 10/13 levels left

rFire   + + .      SeeInvis .   f - +1 war axe "Bucerom" {vorpal, Contam rF++ Int+6}
rCold   . . .      Faith    .   (no shield)
rNeg    . . .      Spirit   .   h - +0 ring mail of Wuomuesin {Fly}
rPois   .          Reflect  .   (helmet restricted)
rElec   .          Harm     .   (no cloak)
rCorr   .          Rampage  .   (no gloves)
Will    .....                   (no boots)
Stlth   +.........              d - amulet of magic regeneration
HPRegen 0.20/turn               e - ring of magical power
MPRegen 0.42/turn               a - +4 ring of protection

@: mighty, flying, unable to read
A: foul stench 2, powered by death 1, weakness stinger 2, horns 1, stinger 1,
strong 1, inability to read while threatened
a: Renounce Religion, Depart the Abyss, Bend Space, Banish


You were in an ossuary.
You worshipped Lugonu.
Lugonu was most pleased with you.
You visited 1 branch of the dungeon, and saw 5 of its levels.
You visited the Abyss 1 time.
You also visited: Sewer and Ossuary.

You collected 348 gold pieces.

Inventory:

Hand Weapons
 f - the +1 war axe "Bucerom" (weapon) {vorpal, Contam rF++ Int+6}
   (You found it on level 4 of the Abyss)

   It inflicts extra damage upon your enemies.
   Int:       It affects your intelligence (+6).
   rF:        It greatly protects you from fire.
   Contam:    It causes magical contamination when unequipped.
Armour
 h - the +0 ring mail of Wuomuesin (worn) {Fly}
   (You found it on level 5 of the Abyss)

   Fly:       It grants you flight.
Jewellery
 a - a +4 ring of protection (right hand)
 d - an amulet of magic regeneration (around neck)
 e - a ring of magical power (left hand)
 g - a ring of protection from fire
 n - a ring of ice
 p - a ring of resist corrosion
 q - a ring of see invisible
Wands
 c - a wand of digging (6)
 o - a wand of flame (13)
Scrolls
 j - 2 scrolls of enchant weapon
 k - 2 scrolls of teleportation
 m - 2 scrolls of summoning
 r - 3 scrolls of identify
 t - a scroll of amnesia
Potions
 i - 2 potions of curing
 l - 6 potions of flight
 s - a potion of might


   Skills:
 + Level 5.4 Fighting
 - Level 1.7 Long Blades
 + Level 4.8 Axes
 - Level 1.7 Armour
 - Level 0.8 Dodging
 + Level 3.0 Spellcasting
 + Level 6.4 Invocations


You had 10 spell levels left.
You knew the following spells:

 Your Spells              Type           Power      Damage    Failure   Level
a - Beastly Appendage     Tmut           4%         N/A       28%         1
b - Wereblood             Tmut           2%         N/A       41%         2

Your spell library contained the following spells:

 Spells                   Type           Power      Damage    Failure   Level
 Ensorcelled Hibernation  Hex/Ice        4%         N/A       41%         2
 Spider Form              Tmut/Pois      2%         N/A       65%         3


Dungeon Overview and Level Annotations

Branches:
Dungeon (5/15)              Sewer (visited)         Ossuary (1/1)
 Temple: D:4-7

Altars:


Innate Abilities, Weirdness & Mutations

You sometimes emit foul miasma when damaged in melee.
You regenerate a little health from kills.
You have a tail ending in a sharp stinger.
You have a pair of small horns on your head.
Your tail ends in a venomous barb.
Your muscles are strong. (Str +2)
You sometimes lose the ability to read scrolls when taking damage.


Message History

The water moccasin zombie is lightly damaged.
You barely miss the wyvern zombie.
You can read scrolls again.
The water moccasin zombie bites you but does no damage.
The water moccasin zombie closely misses you.
The wyvern zombie bites you!
The withered plant crumbles away.
The water moccasin zombie bites you but does no damage.
The water moccasin zombie bites you.
You feel threatened and lose the ability to read scrolls!
* * * LOW HITPOINT WARNING * * *
You emit a cloud of foul miasma!
The water moccasin zombie barely misses you.
You can read scrolls again.
The wyvern zombie barely misses you.
The water moccasin zombie bites you but does no damage.
The wyvern zombie closely misses you.
The water moccasin zombie closely misses you.
The wyvern zombie bites you.
* * * LOW HITPOINT WARNING * * *
The wyvern zombie barely misses you.
You hit the wyvern zombie. Your headbutt misses the wyvern zombie.
The wyvern zombie is lightly damaged.
The wyvern zombie barely misses you.
The wyvern zombie bites you but does no damage.
You barely miss the wyvern zombie.
The wyvern zombie is lightly damaged.
The wyvern zombie bites you!
You feel threatened and lose the ability to read scrolls!
* * * LOW HITPOINT WARNING * * *
It was a potion of might.
You feel very mighty all of a sudden.
The wyvern zombie bites you but does no damage. x2
You slash the wyvern zombie! You tail-slap the wyvern zombie!
The wyvern zombie is almost destroyed.
The wyvern zombie bites you but does no damage.
You barely miss the wyvern zombie.
The wyvern zombie is almost destroyed.
The wyvern zombie bites you!
You die...

##.≈≈#...#.#...# ≈
##≈M≈##≈##≈##'##≈≈
#≈.Z≈≈≈≈≈≈≈≈≈≈..≈≈
#≈#Z≈≈≈#.≈.#.≈.#+#
##Z≈M≈.≈.#P≈.#P≈P#
#≈#≈##≈##≈###≈#≈≈
###Z#≈####≈# ≈#≈≈
#≈Z#### ≈#≈ ≈# ≈
#@## ≈# # ## # ###
#≈ #


You could see a mummy, a water moccasin zombie and a wyvern zombie.

Vanquished Creatures
  A centaur zombie (D:5)
  2 ogres
  A wyvern zombie (Ossuary)
  2 bullfrogs (D:4)
  3 bullfrog zombies (Ossuary)
  2 hound zombies
  A hound skeleton (D:4)
  A mummy (Ossuary)
  A howler monkey zombie (Ossuary)
  5 adders
  2 adder skeletons (D:4)
  6 worms
  2 dart slugs
  An orc (D:5)
  14 endoplasms
  8 giant cockroaches
  4 goblins
  2 hobgoblins
  10 jackals
  7 kobolds
  5 quokkas
  9 ball pythons
  8 bats
  4 frilled lizards
  An orc skeleton (D:5)
  An orc zombie (D:5)
  A rat (D:1)
104 creatures vanquished.

Vanquished Creatures (others)
  6 starspawn tentacles (Abyss:2)
  9 withered plants (Ossuary)
15 creatures vanquished.

Grand Total: 119 creatures vanquished

Notes
Turn   | Place    | Note
-------+----------+-------------------------------------------
     0 | Abyss:1  | meatgazer the Demonspawn Abyssal Knight began the quest for
                  | the Orb.
     0 | Abyss:1  | Reached XP level 1. HP: 18/18 MP: 2/2
    64 | Abyss:2  | Noticed a tentacled starspawn
   127 | Abyss:4  | Identified the +1 war axe "Bucerom" {vorpal, Contam rF++
                  | Int+6}
   131 | Abyss:4  | Noticed a neqoxec
   137 | Abyss:5  | Entered Level 5 of the Abyss
   176 | Abyss:5  | Noticed a raiju
   176 | Abyss:5  | Noticed a raiju
   176 | Abyss:5  | Noticed a raiju
   180 | Abyss:5  | Identified the +0 ring mail of Wuomuesin {Fly}
   182 | D:1      | Escaped the Abyss
   402 | D:1      | Reached skill level 1 in Axes
   402 | D:1      | Gained mutation: You regenerate a little health from kills.
                  | [demonic ancestry]
   402 | D:1      | Reached XP level 2. HP: 24/24 MP: 4/4
   570 | D:1      | Reached * piety under Lugonu
   986 | D:2      | Reached skill level 3 in Invocations
  1324 | D:2      | Reached XP level 3. HP: 29/29 MP: 5/5
  1557 | D:2      | Found a faded altar of an unknown god.
  1952 | D:2      | Gained mutation: You have a small tail. [demonic ancestry]
  1952 | D:2      | Reached XP level 4. HP: 35/35 MP: 6/6
  2120 | D:3      | Found a glowing drain.
  2138 | Sewer    | Entered a sewer
  2190 | Sewer    | Reached ** piety under Lugonu
  2662 | D:3      | Noticed an ogre
  2668 | D:3      | Killed an ogre
  2669 | D:3      | Reached skill level 4 in Invocations
  2669 | D:3      | Gained mutation: You may rarely emit foul miasma when
                  | damaged in melee. [demonic ancestry]
  2669 | D:3      | Reached XP level 5. HP: 32/42 MP: 8/8
  2791 | D:3      | Learned a level 1 spell: Beastly Appendage
  3315 | D:3      | Learned a level 2 spell: Wereblood
  3367 | D:4      | Gained mutation: You have a tail ending in a sharp stinger.
                  | [demonic ancestry]
  3367 | D:4      | Reached XP level 6. HP: 42/48 MP: 9/9
  3709 | D:4      | Reached skill level 1 in Spellcasting
  3792 | D:4      | Reached skill level 5 in Invocations
  4580 | D:5      | Entered Level 5 of the Dungeon
  4638 | D:5      | Reached skill level 5 in Fighting
  4638 | D:5      | Reached skill level 6 in Invocations
  4638 | D:5      | Reached XP level 7. HP: 42/56 MP: 11/11
  4703 | D:5      | Found a sand-covered staircase.
  4708 | Ossuary  | Entered an ossuary
  4716 | Ossuary  | Reached *** piety under Lugonu
  4833 | Ossuary  | Gained mutation: You sometimes lose the ability to read
                  | scrolls when taking damage. [potion of mutation]
  4833 | Ossuary  | Gained mutation: Your muscles are strong. (Str +2) [potion
                  | of mutation]
  4833 | Ossuary  | Gained mutation: You have a pair of small horns on your
                  | head. [potion of mutation]
  4833 | Ossuary  | Gained mutation: Your tail ends in a venomous barb. [potion
                  | of mutation]
  4840 | Ossuary  | Gained mutation: You sometimes emit foul miasma when
                  | damaged in melee. [demonic ancestry]
  4840 | Ossuary  | Reached XP level 8. HP: 29/63 MP: 12/12
  4854 | Ossuary  | Slain by a wyvern zombie

Illustrated notes

Levels and vault maps discovered:
D:1:      ncdulo_watergridlock, layout_loops_ring, hex_medium, hex_large,
          ebering_dispersal_statue_hall
D:2:      layout_rooms, hellmonk_ecumenical_altar_dog_temple
D:3:      layout_basic, gup_sewer_entry_pipe, kennysheep_donut,
          minmay_misc_feat_roman, chequers_jeans
D:4:      layout_loops_corners, minmay_misc_feat_square
D:5:      layout_basic, tso_oasis_becter, nicolae_gozag_conspicuous_consumption,
          mainiacjoe_overflow_two_lobes, nicolae_ossuary_entry_catacombs
Ossuary:  ossuary_zaba_flooded

Skill      XL: |  1  2  3  4  5  6  7 |
---------------+----------------------+-----
Axes           | 1 2 3 4 |  4.8
Invocations    | 3 4 6 |  6.4
Fighting       | 4 5 |  5.4
Spellcasting   | 2 3 |  3.0
Long Blades    | |  1.7
Armour         | |  1.7
Dodging        | |  0.8

Action                   |  1- 3 |  4- 6 |  7- 9 || total
-------------------------+-------+-------+-------++-------
Melee: War axe           |    78 |   156 |    33 ||   267
       Tailslap          |       |    24 |    10 ||    34
       Headbutt          |       |       |     1 ||     1
 Cast: Wereblood         |       |     1 |       ||     1
Invok: Depart the Abyss  |     1 |       |       ||     1
  Use: Scroll            |     8 |     6 |       ||    14
       Potion            |       |     1 |     2 ||     3
Armor: Ring mail         |    36 |   125 |    23 ||   184
Dodge: Dodged            |    57 |   105 |    21 ||   183

Table legend: (Time is in decaauts)
 A = Elapsed time spent in this place.
 B = Non-inter-level travel time spent in this place.
 C = Inter-level travel time spent in this place.
 D = Time resting spent in this place.
 E = Time spent auto-exploring this place.
 F = Levels seen in this place.
 G = Mean time per level.
                   A        B        C        D        E       F      G
               +--------+--------+--------+--------+--------+-----+--------+
         Total |   4944 |   4858 |     86 |    811 |   3172 |  12 |  412.0 |
       Dungeon |   4153 |   4067 |     86 |    811 |   2671 |   5 |  830.6 |
         Abyss |    181 |    181 |      0 |      0 |    106 |   5 |   36.2 |
         Sewer |    455 |    455 |      0 |      0 |    316 |   1 |  455.0 |
       Ossuary |    154 |    154 |      0 |      0 |     79 |   1 |  154.0 |
               +--------+--------+--------+--------+--------+-----+--------+

Top non-repeatable levels by time:
     D:4: 1237 daAuts
     D:2: 1080 daAuts
     D:3: 901 daAuts
     D:1: 800 daAuts
   Sewer: 455 daAuts
 Ossuary: 154 daAuts
     D:5: 133 daAuts
 Abyss:2: 66 daAuts
 Abyss:5: 44 daAuts
 Abyss:3: 29 daAuts
 Abyss:1: 20 daAuts
 Abyss:4: 19 daAuts
